 Dungeon Crawl Stone Soup version 0.24.0-125-gc4c63601f3 (webtiles) character file.

Game seed: 18102457924478895074, levelgen mode: deterministic

79 mFoog the Ruffian (level 4, -1/45 HPs)
             Began as a Troll Berserker on Mar 13, 2020.
             Was a Believer of Trog.
             Killed from afar by an orc wizard (12 damage)
             ... with a puff of frost
             ... on level 4 of the Dungeon.
             The game lasted 00:18:51 (2062 turns).

mFoog the Ruffian (Troll Berserker)                 Turns: 2062, Time: 00:18:52

Health: -1/45      AC:  6    Str: 26    XL:     4   Next: 17%
Magic:  3/3        EV: 10    Int:  3    God:    Trog [**....]
Gold:   116        SH:  0    Dex:  9    Spells: 3/3 levels left

rFire    . . .     SeeInvis .     - Unarmed
rCold    . . .     Gourm    +   (no shield)
rNeg     . . .     Faith    .   a - +0 animal skin
rPois    .         Spirit   .   (helmet restricted)
rElec    .         Reflect  .   (no cloak)
rCorr    .         Harm     .   (gloves unavailable)
MR       .....                  (boots unavailable)
Stlth    +.........             (no amulet)
HPRegen  0.55/turn              (no ring)
MPRegen  0.08/turn              (no ring)

@: confused
A: large, unfitting armour, claws 3, fast metabolism 3, gourmand, regeneration
1, shaggy fur 1, tough skin 3
a: Berserk, Trog's Hand, Renounce Religion


You were on level 4 of the Dungeon.
You worshipped Trog.
Trog was pleased with you.
You were not hungry.

You visited 1 branch of the dungeon, and saw 4 of its levels.

You collected 116 gold pieces.

Inventory:

Armour
 a - a +0 animal skin (worn)
Wands
 f - a wand of random effects (14)
Scrolls
 c - 2 scrolls of teleportation {unknown}
 e - 4 scrolls of identify {unknown}
 g - 3 scrolls of enchant armour {unknown}
 h - 2 scrolls of enchant weapon {unknown}
 l - 2 scrolls of remove curse {unknown}
Potions
 d - a potion of curing
 k - a potion of berserk rage
Comestibles
 b - 7 rations


   Skills:
 + Level 3.0 Fighting
 + Level 2.9 Dodging
 * Level 4.1 Unarmed Combat


You had 3 spell levels left.
You didn't know any spells.
Your spell library was empty.

Dungeon Overview and Level Annotations

Branches:
Dungeon (4/15)
 Temple: D:4-7

Altars:
Ashenzari
Kikubaaqudgha
Ru
Wu Jian


Innate Abilities, Weirdness & Mutations

You are too large for most types of armour.
You have claws for hands.
Your metabolism is lightning-fast.
You like to eat raw meat.
Your natural rate of healing is unusually fast.
You are covered in fur. (AC +1)
You have extremely tough skin. (AC +3)


Message History

Something hits you but does no damage.
You're too confused!
You closely miss the orc wizard.
The orc wizard is almost dead.
The orc wizard hits you but does no damage.
The orc wizard casts a spell.
The orc wizard flickers and vanishes!
You miss something. Something completely misses you.
The orc wizard hits you with a +0 dagger.
* * * LOW HITPOINT WARNING * * *
You closely miss the orc wizard. Something hits you but does no damage.
Something hits you.
* * * LOW HITPOINT WARNING * * *
The orc wizard gestures wildly while chanting.
The orc wizard flickers and vanishes!
You bump into the rock wall.
You hear some strange, mumbled words.
A puff of frost appears from out of thin air!
The puff of frost hits you!
You die...

#... #...#
#...#
#...##
#....#
#....#
#...{#
#!.@#
#.{.#
#.).#
#...#
#...#
#...##...
#<....$...
#.........
#.........


There were no monsters in sight!

Vanquished Creatures
  2 adders (D:2)
  An ooze (D:2)
  A dart slug (D:1)
  2 leopard geckos (D:1)
  7 orcs
  2 ball pythons (D:3)
  A giant cockroach (D:1)
  4 goblins
  3 hobgoblins
  4 jackals (D:1)
  2 quokkas
  5 bats
  A frilled lizard (D:3)
  3 kobolds
  5 rats
  A plant (D:3)
44 creatures vanquished.

Notes
Turn   | Place    | Note
-------+----------+-------------------------------------------
     0 | D:1      | mFoog the Troll Berserker began the quest for the Orb.
     0 | D:1      | Reached XP level 1. HP: 22/22 MP: 0/0
    33 | D:1      | Found a shattered altar of Ashenzari.
    45 | D:1      | Reached XP level 2. HP: 29/29 MP: 1/1
   959 | D:2      | Found a sacrificial altar of Ru.
   991 | D:2      | Reached XP level 3. HP: 34/36 MP: 2/2
   998 | D:2      | Reached ** piety under Trog
  1015 | D:2      | Found an ancient bone altar of Kikubaaqudgha.
  1305 | D:2      | Found an ornate altar of the Wu Jian Council.
  1552 | D:3      | Reached skill level 4 in Unarmed Combat
  1619 | D:3      | Reached XP level 4. HP: 41/44 MP: 3/3
  2062 | D:4      | Killed from afar by an orc wizard

Levels and vault maps discovered:
D:1:      mushboom_english_gardens, layout_basic, minmay_hexomino_r4
D:2:      layout_basic, lemuel_doored_altar, kiku_gazebo_pond_becter,
          nicolae_ru_sacrificial_ziggurat
D:3:      layout_basic, overflow_temple_1_default, kennysheep_doodads,
          saegor_snake_ambush
D:4:      layout_layer_cave, first_ration, minmay_misc_feat_room, uniq_purgy

Skill      XL: |  1  2  3  4 |
---------------+-------------+-----
Unarmed Combat | 4 |  4.1
Fighting       | 3 |  3.0
Dodging        | |  2.9

Action                   |  1- 3 |  4- 6 || total
-------------------------+-------+-------++-------
Melee: Unarmed           |    80 |    27 ||   107
  Use: Potion            |     2 |     3 ||     5
       Scroll            |       |     3 ||     3
  Eat: Chunk             |    12 |     4 ||    16
       Ration            |     1 |       ||     1
Armor: Animal skin       |    41 |    15 ||    56
Dodge: Dodged            |    54 |    14 ||    68
